 Dungeon Crawl Stone Soup version 0.27-a0-29-g2d0a2396b0 (webtiles) character file.

Game seed: 11582098474034756354

317 hehateme the Vexing (level 6, 0/36 HPs)
             Began as a Kobold Enchanter on Jan 4, 2021.
             Was an Initiate of Gozag.
             Slain by a sky beast (2 damage)
             ... on level 5 of the Dungeon.
             The game lasted 00:07:13 (5225 turns).

hehateme the Vexing (Kobold Enchanter)              Turns: 5225, Time: 00:07:14

Health: 0/36       AC:  6    Str:  8    XL:     6   Next: 74%
Magic:  9/9        EV: 15    Int: 16    God:    Gozag
Gold:   178        SH:  0    Dex: 15    Spells: 0/9 levels left

rFire    . . .     SeeInvis .   a - +1 dagger
rCold    . . .     Faith    .   (shield restricted)
rNeg     . . .     Spirit   .   b - +0 robe
rPois    .         Reflect  .   m - +0 helmet
rElec    .         Harm     .   y - +0 cloak
rCorr    .         Rampage  .   (no gloves)
Will     .....                  w - +1 pair of boots
Stlth    ++++......             (no amulet)
HPRegen  0.12/turn              (no ring)
MPRegen  0.11/turn              (no ring)

@: no status effects
A: small, nightstalker 3
a: Renounce Religion, Potion Petition, Call Merchant, Bribe Branch


You were on level 5 of the Dungeon.
You worshipped Gozag.
Gozag was aware of your devotion.
You visited 2 branches of the dungeon, and saw 6 of its levels.

You collected 265 gold pieces.
You paid 87 gold pieces to Gozag.

Inventory:

Hand Weapons
 a - a +1 dagger (weapon)
Missiles
 l - 52 sling bullets
 n - 13 poisoned darts
 p - 137 stones (quivered)
 v - a throwing net {=f}
 B - 7 javelins
 Q - 18 arrows
Armour
 b - a +0 robe (worn)
 m - a +0 helmet (worn)
 w - a +1 pair of boots (worn)
 y - a +0 cloak (worn)
Jewellery
 z - a cursed ring of attention {unknown}
Wands
 t - a wand of acid (11)
Scrolls
 c - a scroll of blinking {unknown}
 d - 5 scrolls of fear {unknown}
 e - a scroll of enchant weapon {unknown}
 f - 2 scrolls of amnesia {unknown}
 g - 3 scrolls of fog {unknown}
 j - a scroll of magic mapping {unknown}
 k - 6 scrolls of identify {unknown}
 o - a scroll of remove curse {unknown}
 q - a scroll of enchant armour {unknown}
 r - 2 scrolls of teleportation {unknown}
 s - a scroll of noise {unknown}
 x - a scroll of random uselessness {unknown}
Potions
 h - a potion of brilliance {unknown}
 i - 3 potions of curing {unknown}
 u - a potion of haste {unknown}
 A - 2 potions of resistance {unknown}
 C - a potion of lignification {unknown}
 D - a potion of heal wounds {unknown}


   Skills:
 + Level 2.8 Fighting
 + Level 1.5 Short Blades
 - Level 2.4 Dodging
 - Level 4.0 Stealth
 - Level 2.1 Spellcasting
 + Level 4.9 Hexes
 + Level 3.8 Ice Magic


You couldn't memorise any spells.
You knew the following spells:

 Your Spells              Type           Power        Failure   Level
a - Ensorcelled Hibernat  Hex/Ice        30%          4%          2
b - Confusing Touch       Hex            17%          8%          3
c - Tukima's Dance        Hex            17%          8%          3
v - Corona                Hex            18%          2%          1

Your spell library contained the following spells:

 Spells                   Type           Power        Failure   Level
 Dazzling Flash           Conj/Hex       18%          22%         3


Dungeon Overview and Level Annotations

Branches:
Dungeon (5/15)             Temple (1/1) D:5

Altars:
Ashenzari
Cheibriados
Dithmenos
Fedhas
Gozag
Kikubaaqudgha
Makhleb
Nemelex Xobeh
Ru
Sif Muna
Trog
Uskayaw
Vehumet
Wu Jian
Xom
Yredelemnul
Zin

Annotations:
D:3 exclusion: worm
D:4 exclusions: hound and scorpion
D:5 exclusions: white imp and zombie


Innate Abilities, Weirdness & Mutations

You are small and have problems with some larger weapons.
You are completely attuned to the shadows.


Message History

The sky beast closely misses you.
You hit the sky beast but do no damage.
The sky beast flickers out of sight!
Deactivating autopickup; reactivate with Ctrl-A.
Something hits you. Something shocks you.
* * * LOW HITPOINT WARNING * * *
You take 7 damage, and have 15/36 hp.
You miss something. Something barely misses you.
You miss something. Something hits you.
* * * LOW HITPOINT WARNING * * *
Something shocks you.
* * * LOW HITPOINT WARNING * * *
You take 7 damage, and have 8/36 hp.
You barely miss something. Something hits you.
* * * LOW HITPOINT WARNING * * *
Something shocks you.
* * * LOW HITPOINT WARNING * * *
You take 6 damage, and have 2/36 hp.
You miss something. Something hits you.
You die...
Your body crumbles into a pile of gold.

###. .... #.. #..
#.. #.. .....##.#
#.# ......##.#
.####..
.......##{#.#
........
.......##@#.#.#..
........
..........#.#.#..
........
#........#.#....
........
#........#......
........
#.........#..##
Z##+#... $
#...##.##.##.##..
#.##
#...#.........#...#
####
#................?#
....
###.#..⌠...⌠..#...#
###

Skill      XL: |  1  2  3  4  5 |
---------------+----------------+-----
Ice Magic      | 1 2 3 |  3.8
Fighting       | 1 2 |  2.8
Hexes          | 4 |  4.9
Short Blades   | |  1.5
Dodging        | |  2.4
Stealth        | |  4.0
Spellcasting   | |  2.1

Notes
Turn   | Place    | Note
-------+----------+-------------------------------------------
     0 | D:1      | hehateme the Kobold Enchanter began the quest for the Orb.
     0 | D:1      | Reached XP level 1. HP: 10/10 MP: 3/3
    95 | D:1      | Reached XP level 2. HP: 16/16 MP: 5/5
   106 | D:1      | Reached skill level 1 in Ice Magic
   635 | D:1      | Reached skill level 1 in Fighting
   635 | D:1      | Reached XP level 3. HP: 20/20 MP: 6/6
  1479 | D:2      | You fall into a shaft and drop 2 floors!
  1494 | D:4      | Learned a level 2 spell: Ensorcelled Hibernation
  1569 | D:4      | Noticed a scorpion
  1626 | D:4      | Reached skill level 2 in Ice Magic
  1626 | D:4      | Reached XP level 4. HP: 26/26 MP: 7/7
  1748 | D:4      | Reached skill level 4 in Hexes
  1753 | D:4      | Reached skill level 2 in Fighting
  1753 | D:4      | Reached XP level 5. HP: 26/30 MP: 8/8
  1763 | D:4      | Learned a level 3 spell: Confusing Touch
  2073 | D:4      | Reached skill level 3 in Ice Magic
  2652 | D:3      | Reached XP level 6. HP: 35/35 MP: 9/9
  3279 | D:3      | Found an ancient bone altar of Kikubaaqudgha.
  4495 | D:5      | Entered Level 5 of the Dungeon
  4811 | D:5      | Learned a level 3 spell: Tukima's Dance
  4919 | D:5      | Found a staircase to the Ecumenical Temple.
  4926 | Temple   | Entered the Ecumenical Temple
  5102 | Temple   | Became a worshipper of Gozag Ym Sagoz the Greedy
  5204 | D:5      | Noticed a sky beast
  5223 | D:5      | HP: 8/36 [something (6)]
  5224 | D:5      | HP: 2/36 [something (5)]
  5225 | D:5      | Slain by a sky beast

Table legend: (Time is in decaauts)
 A = Elapsed time spent in this place.
 B = Non-inter-level travel time spent in this place.
 C = Inter-level travel time spent in this place.
 D = Time resting spent in this place.
 E = Time spent auto-exploring this place.
 F = Levels seen in this place.
 G = Mean time per level.
                   A        B        C        D        E       F      G
               +--------+--------+--------+--------+--------+-----+--------+
         Total |   5206 |   5039 |    167 |    720 |   3629 |   6 |  867.7 |
       Dungeon |   5023 |   4876 |    147 |    720 |   3469 |   5 | 1004.6 |
        Temple |    182 |    162 |     20 |      0 |    160 |   1 |  182.0 |
               +--------+--------+--------+--------+--------+-----+--------+

Top non-repeatable levels by time:
     D:3: 1665 daAuts
     D:4: 1340 daAuts
     D:1: 998 daAuts
     D:5: 542 daAuts
     D:2: 476 daAuts
  Temple: 182 daAuts

Table legend:
 A = Kills in this place as a percentage of kills in entire the game.
 B = Kills by you in this place as a percentage of kills by you in the entire game.
 C = Kills by friends in this place as a percentage of kills by friends in the entire game.
 D = Other kills in this place as a percentage of other kills in the entire game.
 E = Experience gained in this place as a percentage of experience gained in the entire game.
 F = Experience gained in this place divided by the number of levels of this place that you have seen.
                   A       B       C       D       E      F
               +-------+-------+-------+-------+-------+----------------------
         Total | 100.0 | 100.0 |   N/A |   N/A | 100.0 |  75.7
       Dungeon | 100.0 | 100.0 |   N/A |   N/A | 100.0 |  90.8
               +-------+-------+-------+-------+-------+----------------------

Action                   |  1- 3 |  4- 6 || total
-------------------------+-------+-------++-------
Melee: Dagger            |    86 |   209 ||   295
 Cast: Ensorcelled Hiber |     2 |    18 ||    20
       Confusing Touch   |       |     1 ||     1
 Stab: Sleeping          |    22 |    25 ||    47
Armor: Robe              |    12 |    28 ||    40
Dodge: Dodged            |    37 |   127 ||   164

Vanquished Creatures
  2 howler monkeys (D:4)
  A hound (D:4)
  An orc wizard (D:3)
  A worker ant (D:4)
  A howler monkey skeleton (D:4)
  3 adders
  3 gnolls (D:4)
  A white imp (D:5)
  An ooze (D:3)
  3 worms
  2 dart slugs
  4 leopard geckos
  8 orcs
  11 giant cockroaches
  4 goblins (D:1)
  5 hobgoblins
  5 jackals
  2 quokkas
  4 bats
  3 frilled lizards
  2 giant cockroach zombies
  2 kobolds
69 creatures vanquished. There were no monsters in sight!

Levels and vault maps discovered:
D:1:      nzn_arrival_crosshair, layout_basic, minmay_worlds_worst_comb
D:2:      layout_basic
D:3:      layout_basic, marbit_many_paths, minmay_overflow_temple_star_hex
D:4:      layout_loops_cross
D:5:      layout_basic, minmay_temple_entry_large_hall
Temple:   eino_temple_rhombus
